AoeStats
← Buzz Lightyear

Arena

509695514Analyzed
4v4 RM · 6d ago on Sep 27, 2026· 49m 40s· 8 players
Game mode
Random Map
Map size
Large (8 player)
Population
200
Speed
Normal
Resources
Standard
Victory
Conquest
Starting age
Dark Age
Ending age
Imperial Age
RankedLock teamsTeams togetherTeam positionsShared explorationLock speedFull tech treeHidden civsTurbo modeCheats
Victory
Defeat
🇸🇪 Britons · Sweden
1313
+11
🇪🇸 Mongols · Spain
1313
+11
🇧🇷 Khmer · Brazil
1287
+12
🇵🇪 Bohemians · Peru
1154
+18
🇩🇪 Berbers · Germany
1232
-14
🇳🇿 Varangians · New Zealand
1225
-14
🇲🇽 Spanish · Mexico
1186
-12
🇷🇴 Armenians · Romania
1186
-12
WaffNub
11:05 Feudal Age
10:25 Loom
12:10 Double-Bit Axe
12:09 Horse Collar
15:56 Castle Age
17:31 Bow Saw
20:29 Wheelbarrow
20:44 Heavy Plow
22:31 Hand Cart
23:13 Stone Mining
23:13 Gold Mining
28:20 Pikeman
29:01 Squires
28:47 Gambesons
30:33 Stone Shaft Mining
32:45 Imperial Age
31:44 Scale Mail Armor
31:55 Forging
32:49 Chain Mail Armor
32:54 Halberdier
34:14 Iron Casting
35:07 Conscription
36:11 Plate Mail Armor
36:41 Blast Furnace
35:35 Elite Varangian Guard
36:03 Arson
37:32 Onager
38:35 Siege Engineers
38:34 Gothikon
40:34 Fortified Wall
40:52 Fletching
43:12 Ballistics
43:52 Chemistry
46:33 Bodkin Arrow
knottovich
10:49 Feudal Age
14:20 Castle Age
12:27 Double-Bit Axe
12:28 Horse Collar
22:22 Wheelbarrow
23:13 Loom
24:21 Hand Cart
24:41 Bow Saw
24:34 Heavy Plow
29:55 Imperial Age
27:54 Kasbah
28:11 Gold Mining
28:11 Stone Mining
28:15 Fletching
28:25 Padded Archer Armor
30:26 Husbandry
30:37 Bloodlines
30:50 Ballistics
30:51 Maghrebi Camels
31:10 Bodkin Arrow
31:31 Leather Archer Armor
31:28 Thumb Ring
31:54 Conscription
31:31 Elite Camel Archer
32:20 Bracer
32:36 Leather Archer Armor
35:08 Scale Barding Armor
35:41 Ring Archer Armor
35:22 Forging
34:35 Light Cavalry
37:18 Chemistry
40:02 Hussar
41:56 Chain Barding Armor
42:12 Iron Casting
BerC
11:12 Feudal Age
15:03 Castle Age
12:58 Double-Bit Axe
14:18 Loom
23:54 Wheelbarrow
23:45 Husbandry
25:54 Bloodlines
30:09 Imperial Age
28:24 Bow Saw
28:59 Hand Cart
30:12 Horse Collar
34:14 Chemistry
35:16 Ballistics
36:09 Town Watch
38:12 Gold Mining
38:41 Heavy Plow
39:03 Herbal Medicine
40:12 Conscription
40:14 Town Patrol
41:17 Fletching
41:36 Scale Barding Armor
41:42 Forging
42:22 Conscription
42:01 Bodkin Arrow
42:07 Padded Archer Armor
41:42 Elite Skirmisher
42:28 Thumb Ring
43:22 Bracer
43:27 Stone Mining
45:25 Scale Barding Armor
45:32 Light Cavalry
46:41 Chain Barding Armor
46:32 Forging
46:22 Hussar
47:59 Plate Barding Armor
48:42 Pikeman
49:23 Squires
Sageata
10:45 Feudal Age
14:19 Castle Age
13:18 Double-Bit Axe
13:27 Horse Collar
14:38 Man-at-Arms
15:38 Bow Saw
15:30 Heavy Plow
17:47 Loom
19:46 Long Swordsman
22:18 Scale Mail Armor
22:29 Two-Handed Swordsman
23:28 Chain Mail Armor
23:53 Forging
23:52 Gold Mining
25:00 Squires
27:07 Iron Casting
28:48 Wheelbarrow
28:26 Pikeman
30:23 Halberdier
31:42 Hand Cart
34:24 Town Watch
34:39 Champion
36:53 Gold Shaft Mining
36:08 Stone Mining
37:26 Fletching
37:37 Padded Archer Armor
37:30 Elite Skirmisher
38:45 Bodkin Arrow
39:06 Leather Archer Armor
DK_Grunchito
10:55 Feudal Age
14:24 Castle Age
13:00 Double-Bit Axe
13:01 Horse Collar
15:39 Wheelbarrow
15:58 Bow Saw
18:04 Loom
23:58 Gold Mining
23:59 Stone Mining
24:12 Heavy Plow
25:23 Gold Shaft Mining
26:11 Hand Cart
29:16 Imperial Age
26:41 Town Watch
28:14 Ballistics
27:58 Fletching
28:09 Padded Archer Armor
29:05 Stone Shaft Mining
28:55 Nomads
30:09 Bloodlines
29:59 Husbandry
29:57 Bodkin Arrow
30:18 Leather Archer Armor
30:30 Conscription
30:11 Elite Mangudai
31:57 Chemistry
31:29 Bracer
36:59 Thumb Ring
37:23 Parthian Tactics
36:18 Heavy Cavalry Archer
37:35 Forging
37:31 Scale Barding Armor
37:26 Murder Holes
39:38 Light Cavalry
40:23 Hussar
41:21 Onager
43:45 Iron Casting
43:31 Chain Barding Armor
45:35 Siege Onager
47:22 Capped Ram
MattVini
10:33 Feudal Age
13:19 Castle Age
11:04 Horse Collar
11:34 Double-Bit Axe
14:21 Bow Saw
14:47 Heavy Plow
19:55 Wheelbarrow
19:32 Gold Mining
21:04 Stone Mining
22:20 Gold Shaft Mining
23:09 Hand Cart
22:40 Loom
26:38 Imperial Age
26:18 Scale Barding Armor
26:46 Forging
27:21 Chain Barding Armor
27:30 Chain Barding Armor
28:17 Iron Casting
27:22 Elite Battle Elephant
28:15 Bloodlines
28:06 Husbandry
32:13 Blast Furnace
31:49 Plate Barding Armor
39:34 Guard Tower
40:44 Chemistry
46:18 Ballistics
Mowgli
9:53 Loom
11:39 Feudal Age
15:44 Castle Age
13:38 Horse Collar
14:24 Double-Bit Axe
14:31 Stone Mining
24:06 Wheelbarrow
23:17 Town Watch
26:23 Bow Saw
26:15 Heavy Plow
29:43 Imperial Age
27:42 Murder Holes
27:57 Masonry
28:11 Fletching
28:21 Padded Archer Armor
29:37 Bodkin Arrow
30:35 Hand Cart
32:51 Gold Mining
33:55 Leather Archer Armor
34:30 Ballistics
35:07 Bracer
36:19 Ring Archer Armor
36:58 Chemistry
37:35 Conscription
38:56 Elite Longbowman
40:25 Yeomen
43:31 Warwolf
44:31 Hoardings
46:18 Caravan
46:48 Coinage
46:29 Guilds
47:24 Two-Man Saw
47:33 Architecture
Buzz Lightyear
8:31 Loom
10:48 Feudal Age
15:20 Castle Age
13:39 Double-Bit Axe
24:19 Town Watch
24:29 Horse Collar
27:53 Fletching
32:20 Imperial Age
30:34 Bow Saw
31:17 Heavy Plow
31:52 Bodkin Arrow
34:24 Chemistry
34:07 Conscription
41:45 Siege Engineers
42:31 Bracer
42:32 Padded Archer Armor
43:01 Crossbowman
44:15 Elite Skirmisher
45:28 Leather Archer Armor
49:18 Ring Archer Armor
50:16 Ballistics
Connection lost

Rejoining the realm…

Still unreachable

The connection could not be restored.

Session expired

The server has moved on; the page needs a fresh start.